 Dungeon Crawl Stone Soup version 0.29-a0-555-g3b24f45cc1 (webtiles) character file.

Game seed: 7262983166551939506

21292 spaghetti the Nimble (level 12, -8/92 HPs)
             Began as a Gnoll Wanderer on June 7, 2022.
             Was a Follower of Uskayaw.
             Mangled by a skeletal warrior
             ... wielding a +0 glaive
              (15 damage)
             ... on level 13 of the Dungeon.
             The game lasted 00:30:06 (19074 turns).

spaghetti the Nimble (Gnoll Wanderer)              Turns: 19074, Time: 00:30:07

Health: -8/92      AC: 23    Str: 15    XL:     12   Next: 88%
Magic:  21/27      EV: 14    Int: 16    God:    Uskayaw [*.....]
Gold:   488        SH:  0    Dex: 12    Spells: 3/29 levels left

rFire   . . .      SeeInvis .   l - +7 lajatang (speed) {staff}
rCold   . . .      Faith    .   (shield currently unavailable)
rNeg    . . .      Spirit   .   M - +5 ring mail "Zinof" {Fly Str+3}
rPois   .          Reflect  .   p - +0 helmet
rElec   +          Harm     .   (no cloak)
rCorr   .          Rampage  .   b - +2 pair of gloves
Will    .....                   x - +0 pair of boots
Stlth   +++.......              h - amulet of the acrobat
HPRegen 0.25/turn               e - ring of wizardry
MPRegen 0.20/turn               D - +4 ring of protection

@: flying
A: fangs 1, strong nose, distributed training, iridescent scales 1, high MP 1,
electricity resistance
a: Renounce Religion, Stomp


You were on level 13 of the Dungeon.
You worshipped Uskayaw.
Uskayaw was aware of your devotion.
You visited 2 branches of the dungeon, and saw 14 of its levels.

You collected 803 gold pieces.
You spent 315 gold pieces at shops.


Innate Abilities, Weirdness & Mutations

You have very sharp teeth.
Your uncanny sense of smell can sniff out nearby items.
Your experience applies equally to all skills.
You are partially covered in iridescent scales. (AC +2)
You have an increased reservoir of magic. (+10% MP)
You are resistant to electric shocks. (rElec)


   Skills:
 + Level 7.7 Fighting
 + Level 7.7 Short Blades
 + Level 7.7 Long Blades
 + Level 7.7 Axes
 + Level 7.7 Maces & Flails
 + Level 7.7 Polearms
 + Level 8.2 Staves
 + Level 7.7 Slings
 + Level 7.7 Bows
 + Level 7.7 Crossbows
 + Level 7.7 Throwing
 + Level 7.7 Armour
 + Level 10.2 Dodging
 + Level 8.1 Stealth
 + Level 7.7 Shields
 + Level 7.7 Unarmed Combat
 + Level 9.3 Spellcasting
 + Level 6.4 Conjurations
 + Level 6.4 Hexes
 + Level 6.4 Summonings
 + Level 6.4 Necromancy
 + Level 6.4 Translocations
 + Level 6.4 Transmutations
 + Level 6.4 Fire Magic
 + Level 6.4 Ice Magic
 + Level 6.4 Air Magic
 + Level 8.5 Earth Magic
 + Level 6.4 Poison Magic
 + Level 8.4 Invocations
 + Level 7.7 Evocations


You had 3 spell levels left.
You knew the following spells:

 Your Spells              Type           Power      Damage    Failure   Level
a - Sandblast             Erth           68%        2d15      1%          1
b - Necrotize             Necr           100%       1d9       1%          1
c - Ozocubu's Armour      Ice            27%        N/A       1%          3
d - Animate Armour        Summ/Erth      62%        N/A       3%          4
e - Call Imp              Summ           27%        N/A       1%          2
f - Mephitic Cloud        Conj/Pois/Air  27%        N/A       1%          3
g - Summon Mana Viper     Hex/Summ       27%        N/A       14%         5
h - Monstrous Menagerie   Summ           13%        N/A       98%         7

Your spell library contained the following spells:

 Spells                   Type           Power      Damage    Failure   Level
 Apportation              Tloc           54%        N/A       1%          1
 Magic Dart               Conj           100%       1d8       1%          1
 Summon Small Mammal      Summ           100%       N/A       1%          1
 Static Discharge         Conj/Air       27%        N/A       1%          2
 Sublimation of Blood     Necr           27%        N/A       1%          2
 Dazzling Flash           Conj/Hex       54%        N/A       1%          3
 Leda's Liquefaction      Hex/Erth       15%        N/A       3%          4
 Petrify                  Tmut/Erth      31%        N/A       3%          4
 Dispel Undead            Necr           27%        3d13      5%          4
 Iskenderun's Mystic Bla  Conj/Tloc      27%        2d7       5%          4
 Sticky Flame             Conj/Fire      27%        2d5       5%          4
 Summon Ice Beast         Ice/Summ       27%        N/A       5%          4
 Irradiate                Conj/Tmut      13%        3d17      14%         5
 Lightning Bolt           Conj/Air       13%        1d27      14%         5
 Metabolic Englaciation   Hex/Ice        13%        N/A       14%         5
 Simulacrum               Ice/Necr       13%        N/A       58%         6
 Starburst                Conj/Fire      13%        6d6       58%         6
 Maxwell's Capacitive Co  Air            13%        โˆž       100%        8

Inventory:

Hand Weapons
 l - a +7 lajatang of speed (weapon) {staff}
   (You acquired it on level 4 of the Dungeon)
 n - a +0 lajatang of chaos {staff}
   (You found it on level 3 of the Dungeon)
 o - a +2 dagger of venom {short}
   (You took it off a goblin on level 2 of the Dungeon)
Missiles
 d - 308 stones (quivered) {throwing}
 t - 7 boomerangs {throwing}
 H - 2 throwing nets {=f!fthrowing}
Armour
 b - a +2 pair of gloves (worn)
 p - a +0 helmet (worn)
   (You found it on level 3 of the Dungeon)
 x - a +0 pair of boots (worn)
   (You found it on level 2 of the Dungeon)
 M - the +5 ring mail "Zinof" (worn) {Fly Str+3}
   (You found it on level 10 of the Dungeon)

   Str:       It affects your strength (+3).
   Fly:       It grants you flight.
Magical Staves
 r - a staff of death {!astaff}
   (You found it on level 2 of the Dungeon)
Jewellery
 e - a ring of wizardry (left hand)
   (You found it on level 6 of the Dungeon)
 h - an amulet of the acrobat (around neck)
   (You found it on level 1 of the Dungeon)
 k - a ring of wizardry
   (You found it on level 11 of the Dungeon)
 u - a ring of see invisible
   (You found it on level 6 of the Dungeon)
 A - a ring of resist corrosion
   (You found it on level 7 of the Dungeon)
 D - a +4 ring of protection (right hand)
   (You took it off a gnoll on level 8 of the Dungeon)
 E - a +6 ring of dexterity
   (You took it off a gnoll on level 8 of the Dungeon)
Wands
 a - a wand of polymorph (16)
   (You took it off Ijyb on level 3 of the Dungeon)
 v - a wand of iceblast (3)
   (You found it on level 7 of the Dungeon)
 w - a wand of flame (5)
   (You found it on level 12 of the Dungeon)
 K - a wand of acid (4)
   (You found it on level 10 of the Dungeon)
Scrolls
 c - a scroll of immolation {!r!r}
 f - 8 scrolls of identify {@r1}
 i - 2 scrolls of blinking {!r}
 j - 4 scrolls of teleportation {@r4}
 s - 3 scrolls of fog
 y - a scroll of brand weapon
 z - a scroll of magic mapping {!r}
 C - 3 scrolls of fear
 J - 2 scrolls of poison {!r}
 O - a scroll of silence {!r}
Potions
 g - a potion of berserk rage {!q}
 m - 3 potions of heal wounds {@q2}
 q - 2 potions of resistance
 B - 2 potions of mutation {!q}
 F - a potion of lignification {!q}
 G - a potion of haste {@q3}
 I - 2 potions of curing {@q1}
 L - 3 potions of attraction {!q}
 N - a potion of might

Dungeon Overview and Level Annotations

Branches:
Dungeon (13/15)            Temple (1/1) D:7            Lair (0/6) D:8
    Orc (0/2) D:12
 Vaults: D:13-14

Altars:
Ashenzari
Cheibriados
Dithmenos
Elyvilon
Fedhas
Gozag
Hepliaklqana
Kikubaaqudgha
Makhleb
Nemelex Xobeh
Okawaru
Qazlal
Ru
Trog
Uskayaw
Vehumet
Xom
Yredelemnul
Zin
The Shining One

Shops:
D:1 ?   D:3 :   D:5 (   D:8 *   D:11 *

Annotations:
D:5 2 transporters, porpoise's ghost, novice TeHu

#....#..#
#....+..##
#....##..#
##...###
#....###.##
#......##
#..<.# #..#
##........
###### ##.#
#......J .
#.####.........
#..##.....#....
##@##..(((.....
#..zzzยง.(.....
#.###........#
#!. ###......#
###. ##!..## ##
##... ##


You could see 3 skeletal warriors.


Message History

You are too injured to fight recklessly!
You are too injured to fight recklessly!
You are too injured to fight recklessly!
You are too injured to fight recklessly!
You are too injured to fight recklessly!
You are too injured to fight recklessly!
You are too injured to fight recklessly!
Unknown command.
Aiming: Throw Flame
Press: ? - help, Shift-Dir - straight line, f/p - gnoll sergeant
Aim: a gnoll sergeant, wielding a +2 spear of pain and wearing a +0 ring mail (heavily wounded, 82% to hit)
The puff of flame hits the gnoll sergeant.
A skeletal warrior comes into view. It is wielding a +0 halberd.
The gnoll sergeant hits you but does no damage.
A skeletal warrior comes into view. It is wielding a +0 mace.
The gnoll sergeant hits you but does no damage.
You writhe in agony.
The skeletal warrior moves out of view.
You hit the gnoll sergeant. You completely miss the gnoll sergeant.
You bite the gnoll sergeant, but do no damage.
The skeletal warrior hits you from afar with a +0 glaive!
The gnoll sergeant hits you but does no damage.
You writhe in agony. ๐Ÿ˜• HP[-9]
You take 9 damage, and now have 77/92 hp.
You barely miss the gnoll sergeant.
You bite the gnoll sergeant, but do no damage.
You hit the gnoll sergeant but do no damage.
Your bite misses the gnoll sergeant.
The gnoll sergeant hits you but does no damage.
The skeletal warrior misses you.
The skeletal warrior hits you from afar with a +0 glaive! ๐Ÿ˜ฎ HP[-8]
You take 8 damage, and now have 69/92 hp.
You slice the gnoll sergeant!!
You kill the gnoll sergeant!
The skeletal warrior completely misses you.
The skeletal warrior hits you from afar with a +0 glaive!
You can now pass through a line of other dancers. ๐Ÿ˜ฎ HP[-14]
You take 14 damage, and now have 55/92 hp.
Unknown command. ๐Ÿ˜ฎ HP[+1]
The skeletal warrior completely misses you.
The skeletal warrior misses you.
The skeletal warrior completely misses you.
The skeletal warrior hits you from afar with a +0 halberd!!
* * * LOW HITPOINT WARNING * * *
๐Ÿ˜จ HP[-18]
You take 18 damage, and now have 38/92 hp.
Aiming: Line Pass
Press: ? - help, Dir - move target The skeletal warrior appears confused. x3
You can no longer pass through a line of other dancers.
The skeletal warrior hits the skeletal warrior with a +0 glaive!!
The skeletal warrior hits you but does no damage.
A slime creature comes into view. ๐Ÿ˜จ MP[-4]
You lost 4 mp, and now have 23/27 mp.
Unknown command.
Unknown command.
You strike the helpless skeletal warrior from behind!
You slash the skeletal warrior!
The slime creature quivers.
You hit the skeletal warrior but do no damage.
You bite the skeletal warrior, but do no damage.
The skeletal warrior seems less confused. x3
The skeletal warrior hits you but does no damage.
The skeletal warrior barely misses you. ๐Ÿ˜จ HP[+1]
You stomp with the beat, sending a shockwave through the revellers around you!
You can no longer stomp with the beat.
The skeletal warrior hits you but does no damage.
The skeletal warrior hits you with a +0 glaive!
* * * LOW HITPOINT WARNING * * *
The skeletal warrior hits you from afar with a +0 halberd!
* * * LOW HITPOINT WARNING * * *
The skeletal warrior hits you with a +0 hand axe.
* * * LOW HITPOINT WARNING * * *
You can now stomp with the beat. ๐Ÿ˜ฑ HP[-32] MP[-3]
You take 32 damage, and now have 7/92 hp.
MASSIVE DAMAGE!! (PAUSE)
You lost 3 mp, and now have 20/27 mp.
Really read
i - 3 scrolls of blinking {!r}?
Blink to where?
Press: ? - help, Dir - move target
As you read the scroll of blinking {!r}, it crumbles to dust. ๐Ÿ˜ฑ MP[+1]
Aiming: Corrosive Bolt
Press: ? - help, Shift-Dir - straight line, f - skeletal warrior
Aim: a skeletal warrior, wielding a +0 mace (translocational energy, moderately damaged, 74% to hit)
The bolt of acid hits the skeletal warrior!!
The bolt of acid hits the skeletal warrior!
The acid corrodes the skeletal warrior!
The bolt of acid hits the skeletal warrior!!
The bolt of acid hits the skeletal warrior!
The acid corrodes the skeletal warrior!
The skeletal warrior hits you from afar with a +0 glaive!
You die...

Skill      XL: |  1  2  3  4  5  6  7  8  9 10 11 12 |
---------------+-------------------------------------+-----
Spellcasting   | 5 6 7 8 9 |  9.3
Invocations    | 1 2 3 4 5 6 7 8 |  8.4
Fighting       | 1 2 3 4 5 6 7 |  7.7
Short Blades   | 1 2 3 4 5 6 7 |  7.7
Long Blades    | 1 2 3 4 5 6 7 |  7.7
Axes           | 1 2 3 4 5 6 7 |  7.7
Maces & Flails | 1 2 3 4 5 6 7 |  7.7
Polearms       | 1 2 3 4 5 6 7 |  7.7
Slings         | 1 2 3 4 5 6 7 |  7.7
Bows           | 1 2 3 4 5 6 7 |  7.7
Crossbows      | 1 2 3 4 5 6 7 |  7.7
Throwing       | 1 2 3 4 5 6 7 |  7.7
Armour         | 1 2 3 4 5 6 7 |  7.7
Shields        | 1 2 3 4 5 6 7 |  7.7
Unarmed Combat | 1 2 3 4 5 6 7 |  7.7
Evocations     | 1 2 3 4 5 6 7 |  7.7
Conjurations   | 1 2 3 4 5 6 |  6.4
Hexes          | 1 2 3 4 5 6 |  6.4
Summonings     | 1 2 3 4 5 6 |  6.4
Necromancy     | 1 2 3 4 5 6 |  6.4
Translocations | 1 2 3 4 5 6 |  6.4
Transmutations | 1 2 3 4 5 6 |  6.4
Fire Magic     | 1 2 3 4 5 6 |  6.4
Ice Magic      | 1 2 3 4 5 6 |  6.4
Air Magic      | 1 2 3 4 5 6 |  6.4
Poison Magic   | 1 2 3 4 5 6 |  6.4
Staves         | 3 4 5 6 7 8 |  8.2
Stealth        | 3 4 5 6 7 8 |  8.1
Dodging        | 7 8 9 10 | 10.2
Earth Magic    | 6 7 8 |  8.5

Action                   |  1- 3 |  4- 6 |  7- 9 | 10-12 || total
-------------------------+-------+-------+-------+-------++-------
Melee: Quarterstaff      |    78 |       |       |       ||    78
       Bite              |     8 |    18 |    23 |    80 ||   129
       Staff             |    23 |    71 |       |       ||    94
       Unarmed           |    12 |       |       |       ||    12
       Punch             |     1 |       |       |       ||     1
       Dagger            |       |    76 |     3 |       ||    79
       Lajatang          |       |       |   277 |   479 ||   756
       Headbutt          |       |       |     7 |       ||     7
Throw: Stone             |       |       |    96 |   300 ||   396
       Boomerang         |       |       |     8 |       ||     8
 Cast: Sandblast         |    11 |    39 |     3 |       ||    53
       Necrotize         |     2 |     1 |       |       ||     3
       Call Imp          |       |       |     6 |       ||     6
       Animate Armour    |       |       |     5 |     3 ||     8
       Ozocubu's Armour  |       |       |     1 |       ||     1
       Mephitic Cloud    |       |       |       |     1 ||     1
Invok: Line Pass         |       |       |     2 |     9 ||    11
       Stomp             |       |       |     1 |     4 ||     5
Evoke: Wand              |       |     1 |     8 |     6 ||    15
  Use: Scroll            |     4 |     1 |    15 |     8 ||    28
       Potion            |     2 |     3 |     9 |       ||    14
 Stab: Sleeping          |     4 |     1 |     6 |       ||    11
       Paralysed         |       |       |     4 |    28 ||    32
       Confused          |       |       |     2 |     4 ||     6
Armor: Leather armour    |    25 |    22 |       |       ||    47
       Skin              |    14 |       |    17 |       ||    31
       Robe              |       |    23 |   111 |    87 ||   221
       Ring mail         |       |       |       |   108 ||   108
Dodge: Dodged            |   105 |   101 |   265 |   313 ||   784
Block: Buckler           |       |    29 |     2 |       ||    31

Levels and vault maps discovered:
D:1:      ncdulo_wetmaze, layout_basic, serial_shops, shop_fountains,
          skrybe_limestone_x, minmay_misc_feat_doors, minmay_octomino_j4
D:2:      layout_basic, basic_ecumenical_altar, uniq_robin, uniq_jessica
D:3:      layout_loops_ring, serial_shops, shop, uniq_ijyb
D:4:      layout_basic
D:5:      layout_cave_pools, gammafunk_ghost_stat_death, serial_shops,
          nicolae_shop_hallway_plus, kennysheep_generic_room_4
D:6:      layout_basic, grunt_temple_overflow_order_and_chaos_1, uniq_menkaure
D:7:      layout_loops_corners, fedhas_altar_3, lemuel_temple_firewalk_b
D:8:      layout_cave_pools, dpeg_lair_monsters, serial_shops,
          nicolae_stop_n_shop_1, serial_gnoll_camp, gnoll_camp_mini_loothouse,
          gnoll_camp_huts_basic, gnoll_camp_mini_house, gnoll_camp_mini_hut,
          gnoll_camp_mini_hut, uniq_joseph
D:9:      layout_long_grid, enter_bailey_2, uniq_harold
D:10:     layout_irregular_city, nicolae_overflow_hidden_temple
D:11:     layout_rooms, serial_shops, shop_fountains, kennysheep_nondescript,
          nicolae_looking_at_the_future
D:12:     layout_rooms, zombieorc1_lemuel
D:13:     minmay_skewed_foursquare, layout_basic, uniq_lodul, uniq_kirke
Temple:   minmay_temple_bridge_d

Notes
Turn   | Place    | Note
-------+----------+-------------------------------------------
     0 | D:1      | spaghetti the Gnoll Wanderer began the quest for the Orb.
     0 | D:1      | spaghetti set off with the following items: a +0
                  | quarterstaff {staff}, a +0 pair of gloves, a potion of
                  | lignification {!q}, 30 stones {throwing}, a +0 leather
                  | armour; and the following spell memorised: Sandblast; and
                  | the following spells available to memorise: Animate Armour,
                  | Leda's Liquefaction
     0 | D:1      | Reached XP level 1. HP: 13/13 MP: 6/6
     0 | D:1      | magus.rc [v1.9.6]
   259 | D:1      | Reached XP level 2. HP: 16/19 MP: 7/7
   373 | D:1      | You pick up a book of Cantrips and begin reading...
   373 | D:1      | You add the spells Necrotize, Summon Small Mammal and
                  | Apportation to your library.
   919 | D:1      | Reached XP level 3. HP: 25/25 MP: 9/9
  1014 | D:1      | Found Plog's Magic Scroll Shop.
  1104 | D:2      | Reached skill level 5 in Spellcasting
  1240 | D:2      | Noticed Robin
  1259 | D:2      | Killed Robin
  1260 | D:2      | Reached skill level 1 in Invocations
  1419 | D:2      | Reached skill level 1 in Fighting
  1419 | D:2      | Reached skill level 1 in Short Blades
  1419 | D:2      | Reached skill level 1 in Long Blades
  1419 | D:2      | Reached skill level 1 in Axes
  1419 | D:2      | Reached skill level 1 in Maces & Flails
  1419 | D:2      | Reached skill level 1 in Polearms
  1419 | D:2      | Reached skill level 1 in Slings
  1419 | D:2      | Reached skill level 1 in Bows
  1419 | D:2      | Reached skill level 1 in Crossbows
  1419 | D:2      | Reached skill level 1 in Throwing
  1419 | D:2      | Reached skill level 1 in Armour
  1419 | D:2      | Reached skill level 1 in Shields
  1419 | D:2      | Reached skill level 1 in Unarmed Combat
  1419 | D:2      | Reached skill level 1 in Evocations
  1530 | D:2      | Found a faded altar of an unknown god.
  1530 | D:2      | Noticed Jessica
  1537 | D:2      | Learned a level 1 spell: Necrotize
  1553 | D:2      | Killed Jessica
  1554 | D:2      | Reached XP level 4. HP: 24/32 MP: 8/11
  1750 | D:2      | Reached skill level 1 in Conjurations
  1750 | D:2      | Reached skill level 1 in Hexes
  1750 | D:2      | Reached skill level 1 in Summonings
  1750 | D:2      | Reached skill level 1 in Necromancy
  1750 | D:2      | Reached skill level 1 in Translocations
  1750 | D:2      | Reached skill level 1 in Transmutations
  1750 | D:2      | Reached skill level 1 in Fire Magic
  1750 | D:2      | Reached skill level 1 in Ice Magic
  1750 | D:2      | Reached skill level 1 in Air Magic
  1750 | D:2      | Reached skill level 1 in Poison Magic
  2596 | D:3      | Found Estuh's Book Shoppe.
  2617 | D:3      | You pick up a book of Winter and begin reading...
  2617 | D:3      | You add the spells Ozocubu's Armour, Metabolic Englaciation
                  | and Simulacrum to your library.
  2919 | D:3      | HP: 12/48 [endoplasm (1)]
  2920 | D:3      | HP: 4/48 [orc priest/divine providence (8)]
  2923 | D:3      | Reached XP level 5. HP: 5/37 MP: 8/12
  3353 | D:3      | Noticed Ijyb
  3365 | D:3      | Killed Ijyb
  3366 | D:3      | Reached skill level 3 in Staves
  3557 | D:3      | Identified the +3 robe of Impermeability {Int+2}
  3573 | D:3      | Learned a level 3 spell: Ozocubu's Armour
  3578 | D:3      | Learned a level 4 spell: Animate Armour
  3948 | D:1      | Bought a scroll of enchant weapon for 105 gold pieces
  4474 | D:4      | Reached skill level 3 in Stealth
  4474 | D:4      | Reached skill level 2 in Invocations
  4474 | D:4      | Reached XP level 6. HP: 41/44 MP: 7/13
  4477 | D:4      | You pick up a book of Lightning and begin reading...
  4477 | D:4      | You add the spells Static Discharge, Lightning Bolt and
                  | Maxwell's Capacitive Coupling to your library.
  4550 | D:4      | Reached skill level 2 in Fighting
  4550 | D:4      | Reached skill level 2 in Short Blades
  4550 | D:4      | Reached skill level 2 in Long Blades
  4550 | D:4      | Reached skill level 2 in Axes
  4550 | D:4      | Reached skill level 2 in Maces & Flails
  4550 | D:4      | Reached skill level 2 in Polearms
  4550 | D:4      | Reached skill level 2 in Slings
  4550 | D:4      | Reached skill level 2 in Bows
  4550 | D:4      | Reached skill level 2 in Crossbows
  4550 | D:4      | Reached skill level 2 in Throwing
  4550 | D:4      | Reached skill level 2 in Armour
  4550 | D:4      | Reached skill level 2 in Shields
  4550 | D:4      | Reached skill level 2 in Unarmed Combat
  4550 | D:4      | Reached skill level 2 in Evocations
  4642 | D:4      | HP: 9/44 [gnoll sergeant/+0 trident (7)]
  4643 | D:4      | HP: 3/44 [gnoll sergeant/+0 trident (6)]
  4996 | D:4      | Reached XP level 7. HP: 31/50 MP: 12/15
  4999 | D:4      | Reached skill level 7 in Dodging
  5451 | D:4      | Identified a scroll of acquirement
  5474 | D:4      | Acquired a +2 lajatang of speed
  5543 | D:5      | Entered Level 5 of the Dungeon
  5635 | D:5      | Found a transporter.
  5651 | D:5      | Reached skill level 2 in Conjurations
  5651 | D:5      | Reached skill level 2 in Hexes
  5651 | D:5      | Reached skill level 2 in Summonings
  5651 | D:5      | Reached skill level 2 in Necromancy
  5651 | D:5      | Reached skill level 2 in Translocations
  5651 | D:5      | Reached skill level 2 in Transmutations
  5651 | D:5      | Reached skill level 2 in Fire Magic
  5651 | D:5      | Reached skill level 2 in Ice Magic
  5651 | D:5      | Reached skill level 2 in Air Magic
  5651 | D:5      | Reached skill level 2 in Poison Magic
  5652 | D:5      | Noticed porpoise's ghost (novice TeHu)
  5784 | D:5      | Found Xuoner's Antique Weapon Shoppe.
  5839 | D:5      | Reached skill level 3 in Invocations
  5858 | D:5      | HP: 12/51 [something (3)]
  5861 | D:5      | Reached skill level 6 in Earth Magic
  5861 | D:5      | Reached XP level 8. HP: 14/57 MP: 16/16
  6189 | D:5      | Found a transporter.
  6244 | D:5      | You pick up a book of Minor Magic and begin reading...
  6244 | D:5      | You add the spells Magic Dart, Call Imp and Mephitic Cloud
                  | to your library.
  6634 | D:6      | Reached skill level 4 in Staves
  6635 | D:6      | Reached skill level 3 in Fighting
  6635 | D:6      | Reached skill level 3 in Short Blades
  6635 | D:6      | Reached skill level 3 in Long Blades
  6635 | D:6      | Reached skill level 3 in Axes
  6635 | D:6      | Reached skill level 3 in Maces & Flails
  6635 | D:6      | Reached skill level 3 in Polearms
  6635 | D:6      | Reached skill level 3 in Slings
  6635 | D:6      | Reached skill level 3 in Bows
  6635 | D:6      | Reached skill level 3 in Crossbows
  6635 | D:6      | Reached skill level 3 in Throwing
  6635 | D:6      | Reached skill level 3 in Armour
  6635 | D:6      | Reached skill level 3 in Shields
  6635 | D:6      | Reached skill level 3 in Unarmed Combat
  6635 | D:6      | Reached skill level 3 in Evocations
  6644 | D:6      | You pick up a book of Spectacle and begin reading...
  6644 | D:6      | You add the spells Dazzling Flash, Iskenderun's Mystic
                  | Blast and Starburst to your library.
  6725 | D:6      | Reached skill level 4 in Stealth
  6730 | D:6      | Reached skill level 6 in Spellcasting
  7024 | D:6      | HP: 13/56 [wight/+2 great sword (12)]
  7029 | D:6      | Gained mutation: You are frail. (-10% HP) [potion of
                  | mutation]
  7029 | D:6      | Gained mutation: You are partially covered in iridescent
                  | scales. (AC +2) [potion of mutation]
  7029 | D:6      | Gained mutation: You have a pair of small horns on your
                  | head. [potion of mutation]
  7033 | D:6      | HP: 16/73 [necrophage (3)]
  7039 | D:6      | HP: 14/78 [wight/+0 short sword (2)]
  7367 | D:6      | Learned a level 2 spell: Call Imp
  7439 | D:6      | HP: 9/52 [orc priest/divine providence (14)]
  7442 | D:6      | Reached skill level 3 in Conjurations
  7442 | D:6      | Reached skill level 3 in Hexes
  7442 | D:6      | Reached skill level 3 in Summonings
  7442 | D:6      | Reached skill level 3 in Necromancy
  7442 | D:6      | Reached skill level 3 in Translocations
  7442 | D:6      | Reached skill level 3 in Transmutations
  7442 | D:6      | Reached skill level 3 in Fire Magic
  7442 | D:6      | Reached skill level 3 in Ice Magic
  7442 | D:6      | Reached skill level 3 in Air Magic
  7442 | D:6      | Reached skill level 3 in Poison Magic
  7442 | D:6      | Reached skill level 4 in Invocations
  7458 | D:6      | Found a glowing silver altar of Zin.
  7461 | D:6      | Noticed an angel
  7809 | D:6      | Noticed Menkaure
  7812 | D:6      | HP: 13/54 [Menkaure (15)]
  7813 | D:6      | Killed Menkaure
  7814 | D:6      | Reached XP level 9. HP: 14/58 MP: 18/18
  8000 | D:6      | Killed an angel
  8250 | D:6      | Found a shimmering altar of Xom.
  8688 | D:7      | Lost mutation: You are frail. (-10% HP) [potion of
                  | mutation]
  8688 | D:7      | Lost mutation: You have a pair of small horns on your head.
                  | [potion of mutation]
  8688 | D:7      | Gained mutation: You have an increased reservoir of magic.
                  | (+10% MP) [potion of mutation]
  8688 | D:7      | Gained mutation: You are resistant to electric shocks.
                  | (rElec) [potion of mutation]
  8759 | D:7      | Reached skill level 4 in Fighting
  8759 | D:7      | Reached skill level 4 in Short Blades
  8759 | D:7      | Reached skill level 4 in Long Blades
  8759 | D:7      | Reached skill level 4 in Axes
  8759 | D:7      | Reached skill level 4 in Maces & Flails
  8759 | D:7      | Reached skill level 4 in Polearms
  8759 | D:7      | Reached skill level 4 in Slings
  8759 | D:7      | Reached skill level 4 in Bows
  8759 | D:7      | Reached skill level 4 in Crossbows
  8759 | D:7      | Reached skill level 4 in Throwing
  8759 | D:7      | Reached skill level 4 in Armour
  8759 | D:7      | Reached skill level 4 in Shields
  8759 | D:7      | Reached skill level 4 in Unarmed Combat
  8759 | D:7      | Reached skill level 4 in Evocations
  9328 | D:7      | Reached skill level 5 in Staves
  9392 | D:7      | Found a blossoming altar of Fedhas.
  9521 | D:7      | Found a staircase to the Ecumenical Temple.
  9530 | Temple   | Entered the Ecumenical Temple
  9826 | Temple   | Became a worshipper of Uskayaw the Reveller
 10210 | D:8      | Noticed a death yak
 10210 | D:8      | Noticed a death yak
 10210 | D:8      | Noticed Joseph
 10371 | D:8      | Reached * piety under Uskayaw
 10372 | D:8      | Reached skill level 5 in Stealth
 10374 | D:8      | Reached ** piety under Uskayaw
 10383 | D:7      | Reached *** piety under Uskayaw
 10385 | D:7      | Reached **** piety under Uskayaw
 10564 | D:7      | Reached skill level 8 in Dodging
 10603 | D:7      | Reached skill level 5 in Invocations
 10824 | D:7      | HP: 16/66 [poisoned by a gnoll sergeant]
 11229 | D:8      | Reached skill level 7 in Spellcasting
 11236 | D:8      | HP: 16/66 [poisoned by a killer bee]
 11420 | D:8      | Killed Joseph
 11421 | D:8      | Reached skill level 4 in Conjurations
 11421 | D:8      | Reached skill level 4 in Hexes
 11421 | D:8      | Reached skill level 4 in Summonings
 11421 | D:8      | Reached skill level 4 in Necromancy
 11421 | D:8      | Reached skill level 4 in Translocations
 11421 | D:8      | Reached skill level 4 in Transmutations
 11421 | D:8      | Reached skill level 4 in Fire Magic
 11421 | D:8      | Reached skill level 4 in Ice Magic
 11421 | D:8      | Reached skill level 4 in Air Magic
 11421 | D:8      | Reached skill level 4 in Poison Magic
 11421 | D:8      | Reached XP level 10. HP: 33/73 MP: 12/22
 11460 | D:8      | Found Tunurem's Assorted Antiques.
 11488 | D:8      | Bought a scroll of enchant armour for 210 gold pieces
 11643 | D:8      | Reached skill level 5 in Fighting
 11643 | D:8      | Reached skill level 5 in Short Blades
 11643 | D:8      | Reached skill level 5 in Long Blades
 11643 | D:8      | Reached skill level 5 in Axes
 11643 | D:8      | Reached skill level 5 in Maces & Flails
 11643 | D:8      | Reached skill level 5 in Polearms
 11643 | D:8      | Reached skill level 5 in Slings
 11643 | D:8      | Reached skill level 5 in Bows
 11643 | D:8      | Reached skill level 5 in Crossbows
 11643 | D:8      | Reached skill level 5 in Throwing
 11643 | D:8      | Reached skill level 5 in Armour
 11643 | D:8      | Reached skill level 5 in Shields
 11643 | D:8      | Reached skill level 5 in Unarmed Combat
 11643 | D:8      | Reached skill level 5 in Evocations
 11752 | D:8      | Reached ***** piety under Uskayaw
 12011 | D:8      | Learned a level 3 spell: Mephitic Cloud
 12108 | D:8      | Reached skill level 7 in Earth Magic
 12129 | D:8      | Found a staircase to the Lair.
 12143 | D:8      | Noticed a death yak
 12201 | D:9      | Reached skill level 6 in Staves
 12623 | D:9      | Noticed a two-headed ogre
 12635 | D:9      | HP: 11/74 [two-headed ogre/+0 giant club (16)]
 12637 | D:9      | Killed a two-headed ogre
 12638 | D:9      | Reached skill level 6 in Stealth
 12638 | D:9      | Reached skill level 6 in Invocations
 13166 | D:9      | Noticed a kobold demonologist
 13177 | D:9      | Killed a kobold demonologist
 13801 | D:9      | Noticed Harold
 13813 | D:9      | Killed Harold
 13814 | D:9      | Reached XP level 11. HP: 49/81 MP: 25/25
 13836 | D:9      | HP: 20/81 [poisoned by a killer bee]
 14189 | D:10     | Entered Level 10 of the Dungeon
 14218 | D:10     | Reached skill level 9 in Dodging
 14222 | D:10     | Reached skill level 6 in Fighting
 14222 | D:10     | Reached skill level 6 in Short Blades
 14222 | D:10     | Reached skill level 6 in Long Blades
 14222 | D:10     | Reached skill level 6 in Axes
 14222 | D:10     | Reached skill level 6 in Maces & Flails
 14222 | D:10     | Reached skill level 6 in Polearms
 14222 | D:10     | Reached skill level 6 in Slings
 14222 | D:10     | Reached skill level 6 in Bows
 14222 | D:10     | Reached skill level 6 in Crossbows
 14222 | D:10     | Reached skill level 6 in Throwing
 14222 | D:10     | Reached skill level 6 in Armour
 14222 | D:10     | Reached skill level 6 in Shields
 14222 | D:10     | Reached skill level 6 in Unarmed Combat
 14222 | D:10     | Reached skill level 6 in Evocations
 14224 | D:10     | HP: 19/81 [yak (8)]
 14225 | D:10     | Reached skill level 5 in Conjurations
 14225 | D:10     | Reached skill level 5 in Hexes
 14225 | D:10     | Reached skill level 5 in Summonings
 14225 | D:10     | Reached skill level 5 in Necromancy
 14225 | D:10     | Reached skill level 5 in Translocations
 14225 | D:10     | Reached skill level 5 in Transmutations
 14225 | D:10     | Reached skill level 5 in Fire Magic
 14225 | D:10     | Reached skill level 5 in Ice Magic
 14225 | D:10     | Reached skill level 5 in Air Magic
 14225 | D:10     | Reached skill level 5 in Poison Magic
 14540 | D:8      | Reached skill level 8 in Spellcasting
 14684 | D:8      | Killed a death yak
 14684 | D:8      | Killed a death yak
 14685 | D:8      | Killed a death yak
 14686 | D:8      | Reached skill level 7 in Staves
 14686 | D:8      | Reached skill level 7 in Invocations
 15437 | D:10     | Reached skill level 7 in Stealth
 15617 | D:10     | You pick up a book of Touch and begin reading...
 15617 | D:10     | You add the spells Sticky Flame and Dispel Undead to your
                  | library.
 16006 | D:10     | Identified the +5 ring mail "Zinof" {Fly Str+3}
 16269 | D:11     | Noticed a two-headed ogre
 16287 | D:11     | Killed a two-headed ogre
 16295 | D:11     | Reached ****** piety under Uskayaw
 16530 | D:11     | Noticed a two-headed ogre
 16537 | D:11     | Reached skill level 8 in Earth Magic
 16539 | D:11     | Reached XP level 12. HP: 89/89 MP: 27/27
 16544 | D:11     | Killed a two-headed ogre
 16595 | D:11     | Reached skill level 7 in Fighting
 16595 | D:11     | Reached skill level 7 in Short Blades
 16595 | D:11     | Reached skill level 7 in Long Blades
 16595 | D:11     | Reached skill level 7 in Axes
 16595 | D:11     | Reached skill level 7 in Maces & Flails
 16595 | D:11     | Reached skill level 7 in Polearms
 16595 | D:11     | Reached skill level 7 in Slings
 16595 | D:11     | Reached skill level 7 in Bows
 16595 | D:11     | Reached skill level 7 in Crossbows
 16595 | D:11     | Reached skill level 7 in Throwing
 16595 | D:11     | Reached skill level 7 in Armour
 16595 | D:11     | Reached skill level 7 in Shields
 16595 | D:11     | Reached skill level 7 in Unarmed Combat
 16595 | D:11     | Reached skill level 7 in Evocations
 16858 | D:11     | Found Jubiobbi's General Store.
 17479 | D:12     | You pick up a book of Alchemy and begin reading...
 17479 | D:12     | You add the spells Sublimation of Blood, Petrify and
                  | Irradiate to your library.
 17488 | D:12     | Reached skill level 6 in Conjurations
 17488 | D:12     | Reached skill level 6 in Hexes
 17488 | D:12     | Reached skill level 6 in Summonings
 17488 | D:12     | Reached skill level 6 in Necromancy
 17488 | D:12     | Reached skill level 6 in Translocations
 17488 | D:12     | Reached skill level 6 in Transmutations
 17488 | D:12     | Reached skill level 6 in Fire Magic
 17488 | D:12     | Reached skill level 6 in Ice Magic
 17488 | D:12     | Reached skill level 6 in Air Magic
 17488 | D:12     | Reached skill level 6 in Poison Magic
 17674 | D:12     | You pick up a book of Beasts and begin reading...
 17674 | D:12     | You add the spells Summon Ice Beast, Summon Mana Viper and
                  | Monstrous Menagerie to your library.
 17676 | D:12     | Noticed a boulder beetle
 17696 | D:12     | Learned a level 5 spell: Summon Mana Viper
 17704 | D:12     | Learned a level 7 spell: Monstrous Menagerie
 17724 | D:12     | Killed a boulder beetle
 17725 | D:12     | Reached skill level 8 in Invocations
 17902 | D:12     | Noticed a boulder beetle
 17908 | D:12     | Reached skill level 9 in Spellcasting
 17934 | D:12     | Killed a boulder beetle
 17935 | D:12     | Reached skill level 10 in Dodging
 18099 | D:12     | Reached skill level 8 in Staves
 18447 | D:12     | Noticed a boulder beetle
 18453 | D:12     | Reached skill level 8 in Stealth
 18473 | D:12     | Killed a boulder beetle
 18499 | D:12     | Found a staircase to the Orcish Mines.
 19072 | D:13     | HP: 9/92 [skeletal warrior/+0 halberd (16)]
 19074 | D:13     | Mangled by a skeletal warrior

Vanquished Creatures
  3 boulder beetles (D:12)
  Harold (D:9)
  3 two-headed ogres
  3 death yaks (D:8)
  3 manticores
  Joseph (D:8)
  2 gargoyles
  2 kobold demonologists
  An unseen horror (D:12)
  4 trolls
  A queen bee (D:11)
  A hornet (D:9)
  8 slime creatures (D:12)
  4 shadows (D:12)
  23 yaks
  A wyvern (D:7)
  3 wraiths
  A steam dragon (D:10)
  Menkaure (D:6)
  2 acid dragons
  A water moccasin (D:7)
  4 ice beasts
  An orc warrior (D:10)
  3 black bears
  A wolf (D:8)
  A phantom (D:12)
  4 bullfrogs
  7 gnoll sergeants
  2 necrophages
  2 scorpions (D:4)
  12 wights
  15 killer bees
  4 howler monkeys
  A jelly (D:6)
  4 hounds
  6 orc priests
  4 gnoll shamans
  Jessica (D:2)
  6 iguanas
  6 orc wizards
  Ijyb (D:3)
  6 ogre zombies (D:12)
  Robin (D:2)
  28 gnolls
  4 adders
  A shadow imp (D:6)
  A white imp (D:7)
  An ufetubus (D:7)
  4 worms
  A dart slug (D:4)
  37 orcs
  15 ball pythons
  5 bats
  5 endoplasms
  3 giant cockroaches
  10 goblins
  6 hobgoblins
  4 jackals (D:3)
  17 kobolds
  4 quokkas
  2 frilled lizards (D:1)
  3 hobgoblin skeletons (D:12)
  4 hobgoblin zombies (D:12)
  2 orc skeletons (D:12)
  10 orc zombies (D:12)
  10 rats
338 creatures vanquished.

Vanquished Creatures (collateral kills)
  2 killer bees (D:8)
  An iguana (D:6)
  An orc (D:6)
  2 jackals (D:8)
6 creatures vanquished.

Vanquished Creatures (others)
  An angel (D:6)
  A plant (D:11)
2 creatures vanquished.

Grand Total: 346 creatures vanquished

Table legend:
 A = Non-vault XP
 B = Vault XP
 C = Vault XP percentage of total XP
 D = Non-vault monster count
 E = Vault monster count
 F = Vault count percentage of total count
                 A         B        C        D         E       F
            +---------+---------+-------+---------+---------+-------
      Total |   23034 |    7384 |  24.3 |     260 |      84 |  24.4
            +---------+---------+-------+---------+---------+-------
        D:1 |      30 |       4 |  11.8 |      23 |       2 |   8.0
        D:2 |      38 |      68 |  64.2 |      18 |      10 |  35.7
        D:3 |      82 |      35 |  29.9 |      22 |       1 |   4.3
        D:4 |     475 |       0 |   0.0 |      22 |       0 |   0.0
        D:5 |     525 |       0 |   0.0 |      16 |       0 |   0.0
        D:6 |    1244 |     169 |  12.0 |      33 |       1 |   2.9
        D:7 |    1256 |       0 |   0.0 |      26 |       0 |   0.0
        D:8 |    1033 |    4522 |  81.4 |      22 |      31 |  58.5
        D:9 |    2967 |    1052 |  26.2 |      15 |       2 |  11.8
       D:10 |    2886 |       0 |   0.0 |      20 |       0 |   0.0
       D:11 |    4360 |     732 |  14.4 |      20 |       8 |  28.6
       D:12 |    8138 |     714 |   8.1 |      23 |      28 |  54.9
       D:13 |       0 |      88 | 100.0 |       0 |       1 | 100.0
            +---------+---------+-------+---------+---------+-------

Illustrated notes

Table legend:
 A = Kills in this place as a percentage of kills in entire the game.
 B = Kills by you in this place as a percentage of kills by you in the entire game.
 C = Kills by friends in this place as a percentage of kills by friends in the entire game.
 D = Other kills in this place as a percentage of other kills in the entire game.
 E = Experience gained in this place as a percentage of experience gained in the entire game.
 F = Experience gained in this place divided by the number of levels of this place that you have seen.
                   A       B       C       D       E      F
               +-------+-------+-------+-------+-------+----------------------
         Total | 100.0 | 100.0 | 100.0 | 100.0 | 100.0 | 2172.7
       Dungeon | 100.0 | 100.0 | 100.0 | 100.0 | 100.0 | 2339.8
               +-------+-------+-------+-------+-------+----------------------

Table legend: (Time is in decaauts)
 A = Elapsed time spent in this place.
 B = Non-inter-level travel time spent in this place.
 C = Inter-level travel time spent in this place.
 D = Time resting spent in this place.
 E = Time spent auto-exploring this place.
 F = Levels seen in this place.
 G = Mean time per level.
                   A        B        C        D        E       F      G
               +--------+--------+--------+--------+--------+-----+--------+
         Total |  18809 |  17781 |   1028 |   2710 |  12696 |  14 | 1343.5 |
       Dungeon |  18439 |  17559 |    880 |   2710 |  12488 |  13 | 1418.4 |
        Temple |    369 |    221 |    148 |      0 |    208 |   1 |  369.0 |
               +--------+--------+--------+--------+--------+-----+--------+

Top non-repeatable levels by time:
     D:7: 2152 daAuts
     D:9: 2009 daAuts
     D:6: 1892 daAuts
    D:12: 1658 daAuts
     D:8: 1615 daAuts
     D:3: 1535 daAuts
     D:2: 1533 daAuts
    D:10: 1434 daAuts
     D:4: 1291 daAuts
     D:1: 1203 daAuts
     D:5: 1047 daAuts
    D:11: 994 daAuts
  Temple: 369 daAuts
    D:13: 71 daAuts
